 Dungeon Crawl Stone Soup version 0.20.1-1-g8b1a95d (webtiles) character file.

43829 Monsterracer the Carver (level 13, -12/107 HPs)
             Began as a Vampire Gladiator on Aug 20, 2017.
             Was the Champion of Lugonu.
             Killed from afar by a red draconian (31 damage)
             ... with a searing blast
             ... in a volcano.
             The game lasted 00:55:52 (20152 turns).

Monsterracer the Carver (Vampire Gladiator)        Turns: 20152, Time: 00:55:53

Health: -12/107    AC: 20    Str: 25    XL:     13   Next: 92%
Magic:  19/19      EV: 19    Int: 10    God:    Lugonu [******]
Gold:   1169       SH:  3    Dex: 17    Spells: 8/12 levels left

rFire    . . .     SeeInvis +   a - +4 great sword
rCold    . . .     Gourm    .   (shield currently unavailable)
rNeg     . . .     Faith    .   R - +3 leather armour {rPois}
rPois    +         Spirit   .   c - +2 helmet
rElec    .         Reflect  +   K - +2 cloak
rCorr    .         Harm     .   M - +2 pair of gloves
MR       +....                  w - +2 pair of boots {run}
Stlth    ++++......             D - +3 amulet of reflection
Regen    0.5/turn               g - +3 ring of strength
MPRegen  0.2/turn               k - ring of poison resistance

@: mighty, regenerating quickly, quick
A: fangs 3, see invisible, unbreathing
a: Depart the Abyss, Bend Space, Banish, Corrupt, Enter the Abyss, Brand Weapon
With Distortion, Renounce Religion


You were in a volcano.
You worshipped Lugonu.
Lugonu was exalted by your worship.
You were very full.

You visited 3 branches of the dungeon, and saw 18 of its levels.
You also visited: Labyrinth, Ossuary and Volcano.

You collected 1266 gold pieces.
You spent 97 gold pieces at shops.

Inventory:

Hand Weapons
 a - a +4 great sword (weapon)
 b - a +2 great sword of flaming
 y - a +0 double sword of slicing
Missiles
 d - 7 throwing nets
 x - 227 stones (quivered)
Armour
 c - a +2 helmet (worn)
 v - a scarf of repulsion
 w - a +2 pair of boots of running (worn)
 G - the +2 pair of boots of the Assassin {Detection Stab+ Stlth++}
   (You found it in a labyrinth)

   It makes you much more stealthy.
 K - a +2 cloak (worn)
 M - a +2 pair of gloves (worn)
 R - a +3 leather armour of poison resistance (worn)
Jewellery
 g - a +3 ring of strength (left hand)
 k - a ring of poison resistance (right hand)
 o - an uncursed ring of wizardry
 q - an uncursed ring of flight
 D - a +3 amulet of reflection (around neck)
Wands
 z - a wand of acid (5/15)
 B - a wand of iceblast (4/15)
 H - a wand of acid (7/15)
 L - a wand of lightning (7/15)
Scrolls
 i - 3 scrolls of recharging
 j - 3 scrolls of magic mapping
 l - 10 scrolls of remove curse
 m - 9 scrolls of teleportation
 n - 2 scrolls of fear
 p - 4 scrolls of fog
 r - a scroll of blinking
 t - 6 scrolls of identify
 J - 5 scrolls of amnesia
Potions
 e - 19 potions of blood
 f - 5 potions of brilliance
 h - 2 potions of invisibility
 s - 2 potions of resistance
 u - 5 potions of flight
 A - 2 potions of magic
 C - 2 potions of lignification
 F - 7 potions of curing
 I - 4 potions of might
 N - 2 potions of berserk rage
 O - a potion of haste
 P - 2 potions of ambrosia
 Q - a potion of heal wounds


   Skills:
 * Level 11.6 Fighting
 * Level 13.3 Long Blades
 - Level 1.5 Throwing
 + Level 6.4 Armour
 + Level 10.4 Dodging
 - Level 10.5 Stealth
 + Level 8.3 Invocations


You had 8 spell levels left.
You knew the following spells:

 Your Spells              Type           Power        Failure   Level  Hunger
a - Swiftness             Chrm/Air       #.......     54%         2    ###....
b - Passwall              Tmut/Erth      #.........   54%         2    ###....


Dungeon Overview and Level Annotations

Branches:
Dungeon (10/15)            Temple (0/1) D:7            Lair (6/6) D:9
 Shoals (0/4) Lair:2       Spider (0/4) Lair:3        Slime (0/5) Lair:5
    Orc (2/2) D:10
    Elf: Orc:2

Altars:
Elyvilon
Gozag
Makhleb
Nemelex Xobeh
Okawaru
Qazlal
Sif Muna
Uskayaw
Vehumet
Yredelemnul
Zin
Lugonu

Shops:
D:4 *   D:8 ?

Annotations:
D:3 1 runed door
Lair:6 corrupted


Innate Abilities, Weirdness & Mutations

Your natural rate of healing is unusually fast.
You have razor-sharp teeth.
You have supernaturally acute eyesight. (SInv)
You can survive without breathing.


Message History

* * * LOW HITPOINT WARNING * * *
The red draconian closely misses you.
You riposte.
You slice the red draconian!! Your bite misses the red draconian.
The red draconian is moderately wounded.
The salamander unwields an uncursed shortbow of flaming.
It stops flaming.
The salamander hits you!
* * * LOW HITPOINT WARNING * * *
You are engulfed in flames!
* * * LOW HITPOINT WARNING * * *
Huge Dmg: -33%(-35hp) hp: 17%(18hp)
The salamander shoots an arrow.
The arrow misses you.
There is a rocky tunnel leading out of this place here.
You see here an arrow.
Unknown command.
The salamander wields an uncursed shortbow of flaming.
It bursts into flame!
The salamander shoots an arrow.
The arrow closely misses you.
The red draconian breathes flames at you.
The searing blast hits you!
You die...

#8...8#
#.....#
#.....#
#8...8#
#.....#
#.....#
#8dNN8#
##().##
##@##
###


You could see a red draconian and 2 salamanders.

Vanquished Creatures
  Harold (D:10)
  A hydra (Lair:2)
  3 catoblepae (Lair:6)
  A two-headed ogre (D:8)
  7 death yaks (Lair:6)
  An orc high priest (Orc:1)
  A salamander mystic (Volcano)
  2 orc knights
  A manticore (Lair:6)
  A salamander (Volcano)
  5 black mambas
  Maurice (D:8)
  A gargoyle (D:10)
  A torpor snail (Lair:1)
  6 spiny frogs
  Joseph (D:9)
  A centaur skeleton (D:10)
  2 rime drakes (Lair:2)
  5 komodo dragons
  2 trolls (Orc:2)
  A queen bee (D:8)
  A polar bear (Lair:4)
  A snapping turtle (Lair:2)
  7 dream sheep (Lair:4)
  6 hippogriffs
  Sigmund (D:2)
  42 yaks
  2 shadows (Lab)
  3 fire bats (Lair:1)
  3 wyverns
  A human (D:10)
  2 basilisks
  Grum (D:8)
  Edmund (D:4)
  Menkaure (D:7)
  2 wargs
  17 water moccasins
  2 hell hounds (Orc:1)
  10 porcupines
  2 sky beasts
  4 black bears
  7 orc warriors
  5 ice beasts
  2 phantoms
  5 ogres
  3 wolves (D:8)
  4 centaurs
  14 crocodiles
  A big kobold (D:7)
  An elf zombie (Ossuary)
  19 bullfrogs
  2 wyvern skeletons
  8 scorpions
  20 killer bees (D:8)
  8 howler monkeys
  An electric eel (Lair:4)
  3 crimson imps
  5 jellies
  A bullfrog zombie (D:6)
  12 orc priests
  A bullfrog skeleton (D:8)
  5 hounds
  14 orc wizards
  A human zombie (Ossuary)
  Crazy Yiuf (D:5)
  8 iguanas
  8 worker ants
  A killer bee zombie (D:8)
  3 mummies (Ossuary)
  A howler monkey skeleton (D:3)
  16 adders
  4 river rats (Lair:3)
  A shadow imp (D:9)
  An ooze (D:7)
  An adder skeleton (D:4)
  An adder zombie (Ossuary)
  5 worms
  A dart slug (D:3)
  7 leopard geckos
  42 orcs
  4 bats
  7 giant cockroaches
  4 gnoll zombies (Ossuary)
  6 goblins
  10 hobgoblins
  5 jackals
  5 quokkas
  3 ball pythons
  5 frilled lizards
  3 goblin zombies (Ossuary)
  4 hobgoblin zombies (Ossuary)
  10 kobolds
  2 kobold zombies (Ossuary)
  A leopard gecko skeleton (D:6)
  A quokka zombie (Ossuary)
  7 rats
  A rat zombie (Ossuary)
  A fungus (D:5)
  A plant (Lair:3)
477 creatures vanquished.

Vanquished Creatures (others)
  2 hydras (Lair:6)
  A two-headed ogre (D:8)
  A death yak (Lair:6)
  The ghost of tidbits the Fighter, a novice DgWn (D:10)
  4 lindwurms (Lair:6)
  A manticore (Lair:6)
  6 elephants (Lair:6)
  2 spiny frogs (Lair:6)
  2 komodo dragons (Lair:6)
  3 yaks (Lair:6)
  2 basilisks (Lair:6)
  A water moccasin (Lair:6)
  A wolf (Lair:6)
  A crocodile (Lair:6)
  6 bushes
  10 fungi
  28 plants
  7 starspawn tentacles (Lair:6)
79 creatures vanquished.

Grand Total: 556 creatures vanquished

Notes
Turn   | Place    | Note
-------+----------+-------------------------------------------
     0 | D:1      | Monsterracer the Vampire Gladiator began the quest for the Orb.
     0 | D:1      | Reached XP level 1. HP: 16/16 MP: 1/1
     3 | D:1      | Noticed an electric eel
     3 | D:1      | Noticed an electric eel
   251 | D:1      | Reached XP level 2. HP: 22/22 MP: 2/2
   829 | D:2      | Reached XP level 3. HP: 28/28 MP: 3/3
   880 | D:2      | Reached skill level 4 in Long Blades
  1025 | D:2      | Noticed Sigmund
  1041 | D:2      | Killed Sigmund
  1041 | D:2      | Reached skill level 5 in Long Blades
  1041 | D:2      | Reached XP level 4. HP: 35/35 MP: 4/4
  1041 | D:2      | Reached XP level 5. HP: 41/41 MP: 5/5
  1072 | D:2      | Found a faded altar of an unknown god.
  1098 | D:2      | Became a worshipper of Lugonu the Unformed
  1098 | D:2      | Reached * piety under Lugonu
  1098 | D:2      | Reached ** piety under Lugonu
  1510 | D:3      | Found a sparkling altar of Nemelex Xobeh.
  1620 | D:3      | Reached XP level 6. HP: 34/47 MP: 6/6
  1787 | D:3      | Found a glowing silver altar of Zin.
  1787 | D:3      | Found a runed door.
  1787 | D:3      | Noticed an angel
  2155 | D:4      | Identified a +2 pair of boots of running (You found it on level 4 of the Dungeon)
  2211 | D:4      | Found Gozag's Platinum Reserve.
  2211 | D:4      | Found an opulent altar of Gozag.
  2415 | D:4      | Reached skill level 1 in Invocations
  2748 | D:4      | Noticed Edmund
  2820 | D:4      | Killed Edmund
  2820 | D:4      | Reached skill level 1 in Armour
  2820 | D:4      | Reached skill level 5 in Dodging
  2820 | D:4      | Reached XP level 7. HP: 31/53 MP: 6/8
  2926 | D:5      | Entered Level 5 of the Dungeon
  3024 | D:5      | Reached skill level 6 in Long Blades
  3425 | D:5      | Reached *** piety under Lugonu
  4024 | D:5      | Found a runed door.
  4028 | D:5      | Noticed Crazy Yiuf
  4036 | D:5      | Killed Crazy Yiuf
  4233 | D:6      | Reached XP level 8. HP: 60/60 MP: 9/9
  4310 | D:6      | Reached skill level 1 in Stealth
  4343 | D:6      | Reached skill level 7 in Long Blades
  4461 | D:6      | Found a white marble altar of Elyvilon.
  4512 | D:6      | Found a deep blue altar of Sif Muna.
  4752 | D:6      | Found a stormy altar of Qazlal.
  5131 | D:7      | HP: 25/61 [ice beast (10)]
  5133 | D:7      | Reached skill level 5 in Fighting
  5259 | D:7      | Reached XP level 9. HP: 68/68 MP: 11/11
  5329 | D:7      | Found a sand-covered staircase.
  5334 | Ossuary  | Entered an ossuary
  5410 | Ossuary  | Reached **** piety under Lugonu
  5683 | D:7      | Found a staircase to the Ecumenical Temple.
  5713 | D:7      | Noticed Menkaure
  5725 | D:7      | Killed Menkaure
  5725 | D:7      | Reached skill level 8 in Long Blades
  5827 | D:7      | Found a burning altar of Makhleb.
  5903 | D:7      | Reached skill level 5 in Stealth
  6276 | D:8      | Noticed a queen bee
  6317 | D:8      | HP: 31/71 [killer bee (6)]
  6322 | D:8      | HP: 19/71 [killer bee (5)]
  6326 | D:8      | HP: 8/71 [killer bee (5)]
  6331 | D:8      | HP: 29/106 [poisoned by a killer bee]
  6338 | D:8      | HP: 31/106 [poisoned by a killer bee]
  6346 | D:8      | HP: 33/106 [poisoned by a killer bee]
  6454 | D:8      | Reached XP level 10. HP: 70/77 MP: 13/13
  6489 | D:8      | HP: 30/77 [orc priest/divine providence (16)]
  6494 | D:8      | HP: 30/77 [poisoned by a killer bee]
  6502 | D:8      | HP: 32/77 [poisoned by a killer bee]
  6722 | D:8      | Reached ***** piety under Lugonu
  6769 | D:8      | Noticed a two-headed ogre
  6774 | D:8      | Noticed Grum
  6784 | D:8      | Banished a two-headed ogre
  6784 | D:8      | Reached skill level 9 in Long Blades
  6788 | D:8      | Reached skill level 5 in Invocations
  6889 | D:8      | Killed Grum
  7120 | D:8      | Found Miket's Magic Scroll Shoppe.
  7135 | D:8      | Bought a scroll of enchant armour for 97 gold pieces
  7570 | D:8      | Noticed a two-headed ogre
  7589 | D:8      | Killed a two-headed ogre
  7877 | D:9      | Got an ancient hand axe
  7878 | D:9      | Identified the +7 hand axe of Gotuoz {freeze, MR- Str+7 Dex+2} (You found it on level 9 of the Dungeon)
  7881 | D:9      | Found a hide-covered altar of Uskayaw.
  7896 | D:9      | Found a basalt altar of Yredelemnul.
  7908 | D:9      | Found a radiant altar of Vehumet.
  7919 | D:9      | Found an iron altar of Okawaru.
  8070 | D:9      | Noticed Joseph
  8071 | D:9      | Noticed Maurice
  8080 | D:9      | HP: 33/80 [Joseph/sling bullet (12)]
  8207 | D:8      | Killed Maurice
  8207 | D:8      | Reached skill level 10 in Long Blades
  8250 | D:9      | Killed Joseph
  8250 | D:9      | Reached XP level 11. HP: 63/86 MP: 15/15
  8392 | D:9      | Found a staircase to the Lair.
  8797 | Lair:1   | Entered Level 1 of the Lair of Beasts
  8818 | Lair:1   | Noticed a five-headed hydra
  8828 | Lair:1   | Banished a five-headed hydra
  8912 | Lair:1   | Learned a level 2 spell: Swiftness
  8997 | Lair:1   | Found a labyrinth entrance.
  9007 | Lab      | Entered a labyrinth
 10182 | Lab      | Noticed a minotaur
 10188 | Lab      | HP: 28/87 [minotaur (20)]
 10189 | Lab      | HP: 13/130 [minotaur (30)]
 10189 | Lab      | HP: 6/130 [minotaur (7)]
 10194 | Lab      | Banished a minotaur
 10200 | Lab      | Identified First Steps in Witchcraft
 10450 | Lair:1   | HP: 41/87 [yak (12)]
 10454 | Lair:1   | HP: 18/87 [yak (8)]
 10459 | Lair:1   | HP: 21/130 [yak (9)]
 10462 | Lair:1   | HP: 10/130 [yak (7)]
 10462 | Lair:1   | HP: 1/130 [yak (9)]
 10468 | Lair:1   | HP: 27/130 [yak (1)]
 10473 | Lair:1   | HP: 20/130 [yak (10)]
 11181 | Lair:1   | HP: 44/89 [komodo dragon (12)]
 11436 | Lair:1   | Reached skill level 11 in Long Blades
 11726 | Lair:2   | Reached XP level 12. HP: 95/95 MP: 16/16
 11730 | Lair:2   | Learned a level 2 spell: Passwall
 11961 | Lair:2   | Noticed a four-headed hydra
 11964 | Lair:2   | Killed a five-headed hydra
 12018 | Lair:2   | Noticed a four-headed hydra
 12024 | Lair:2   | Banished a four-headed hydra
 12024 | Lair:2   | Reached skill level 10 in Stealth
 12231 | Lair:2   | HP: 44/96 [yak (13)]
 12240 | Lair:2   | HP: 21/96 [yak (11)]
 12241 | Lair:2   | HP: 6/96 [yak (8)]
 12494 | Lair:2   | Found a staircase to the Shoals.
 12513 | Lair:2   | HP: 48/97 [snapping turtle (15)]
 13254 | Lair:3   | Reached skill level 10 in Fighting
 13572 | Lair:3   | Found a hole to the Spider Nest.
 13590 | Lair:3   | Reached skill level 5 in Armour
 14034 | Lair:4   | HP: 48/97 [dream sheep (3)]
 14038 | Lair:4   | Reached skill level 12 in Long Blades
 15041 | Lair:5   | Identified a scroll of acquirement
 15370 | Lair:5   | Found a staircase to the Slime Pits.
 15721 | Lair:6   | Entered Level 6 of the Lair of Beasts
 15804 | Lair:6   | Reached XP level 13. HP: 78/104 MP: 18/18
 15895 | Lair:6   | HP: 39/104 [komodo dragon (22)]
 15901 | Lair:6   | HP: 33/104 [poisoned by a black mamba]
 15907 | Lair:6   | HP: 34/104 [poisoned by a black mamba]
 15915 | Lair:6   | HP: 36/104 [poisoned by a black mamba]
 16253 | Lair:6   | HP: 46/104 [death yak (11)]
 16703 | Lair:6   | Corrupted Lair:6
 16703 | Lair:6   | Noticed a starcursed mass
 16703 | Lair:6   | Noticed a starcursed mass
 16703 | Lair:6   | Noticed a tentacled starspawn
 16703 | Lair:6   | Noticed a lorocyproca
 16703 | Lair:6   | Noticed a starcursed mass
 16705 | Lair:6   | Noticed a lich
 16705 | Lair:6   | Noticed a bone dragon
 16707 | Lair:6   | Noticed a blizzard demon
 16709 | Lair:6   | Noticed a bone dragon
 17346 | Lair:5   | HP: 51/105 [yak (4)]
 17604 | Lair:6   | HP: 48/105 [death yak (19)]
 17865 | Lair:6   | Reached skill level 10 in Dodging
 17918 | Lair:5   | HP: 48/106 [crocodile (14)]
 18198 | Lair:6   | Reached skill level 13 in Long Blades
 18549 | D:10     | Entered Level 10 of the Dungeon
 18637 | D:10     | Found a staircase to the Orcish Mines.
 18922 | D:10     | Noticed Harold
 18934 | D:10     | Noticed tidbits's ghost (novice DgWn)
 18940 | D:10     | Killed Harold
 18946 | D:10     | HP: 46/106 [tidbits's ghost (18)]
 18964 | D:10     | Banished tidbits's ghost
 18970 | D:10     | HP: 38/106 [human (4)]
 19508 | Orc:1    | Entered Level 1 of the Orcish Mines
 19601 | Orc:2    | Entered Level 2 of the Orcish Mines
 19667 | Orc:1    | Reached ****** piety under Lugonu
 19966 | Orc:1    | Found a dark tunnel.
 20004 | Volcano  | Entered a volcano
 20031 | Volcano  | Found a bloodstained altar of Trog.
 20035 | Volcano  | Noticed a red draconian
 20149 | Volcano  | HP: 53/106 [red draconian/flail of flaming (1)]
 20150 | Volcano  | HP: 18/107 [salamander (10)]
 20152 | Volcano  | Killed from afar by a red draconian

Skill      XL: |  1  2  3  4  5  6  7  8  9 10 11 12 13 |
---------------+----------------------------------------+-----
Fighting       | 2 3 4 5 6 7 9 10 11 | 11.6
Long Blades    | 5 6 7 8 10 11 12 13 | 13.3
Dodging        | 4 5 6 7 8 9 10 | 10.4
Invocations    | 1 2 3 4 5 6 7 8 |  8.3
Armour         | 1 2 3 4 5 6 |  6.4
Stealth        | 3 6 7 9 10 | 10.5
Throwing       | |  1.5

Action                   |  1- 3 |  4- 6 |  7- 9 | 10-12 | 13-15 || total
-------------------------+-------+-------+-------+-------+-------++-------
Melee: Long sword        |    81 |   149 |   195 |       |       ||   425
       Bite              |    16 |    20 |    65 |   152 |   101 ||   354
       Short sword       |       |       |    21 |       |       ||    21
       Great sword       |       |       |   217 |   701 |   367 ||  1285
       Double sword      |       |       |       |       |     6 ||     6
Throw: Stone             |       |       |       |     1 |     3 ||     4
       Throwing net      |       |       |       |     1 |       ||     1
Invok: Banish            |       |       |       |     5 |     3 ||     8
       Corrupt           |       |       |       |       |     1 ||     1
 Abil: Evoke Flight      |       |       |       |       |     1 ||     1
Evoke: Wand              |       |       |       |     1 |       ||     1
  Use: Potion            |    12 |     9 |    21 |    55 |    25 ||   122
       Scroll            |       |    13 |    10 |    11 |     8 ||    42
 Stab: Sleeping          |     2 |     2 |    14 |    32 |     5 ||    55
       Distracted        |       |       |     2 |     3 |     1 ||     6
       Petrified         |       |       |       |       |     2 ||     2
Armor: Leather armour    |    19 |    17 |   100 |   210 |   120 ||   466
       Ring mail         |       |    12 |    21 |       |       ||    33
       Skin              |       |       |     7 |    14 |       ||    21
       Chain mail        |       |       |       |       |     5 ||     5
Dodge: Dodged            |    73 |    90 |   388 |   647 |   316 ||  1514
       Deflected         |       |       |     4 |       |       ||     4
Block: Other             |       |       |    31 |    81 |    46 ||   158
       Reflection        |       |       |     1 |     1 |       ||     2
       Rpst.: Long sword |    26 |    35 |    42 |       |       ||   103
       Great sword       |       |       |    61 |   187 |    96 ||   344
